AoeStats
← OGSassy

Black Forest

506963987Analyzed
2v2 RM · 18d ago on Sep 16, 2026· 49m 29s· 4 players
Game mode
Random Map
Map size
Medium (4 player)
Population
200
Speed
Normal
Resources
Standard
Victory
Conquest
Starting age
Dark Age
Ending age
Imperial Age
RankedLock teamsTeams togetherTeam positionsShared explorationLock speedFull tech treeHidden civsTurbo modeCheats
Victory
Defeat
🇨🇱 Lithuanians · Chile
887
+16
🇨🇦 Romans · Canada
866
+16
🇨🇴 Bulgarians · Colombia
881
-16
🇨🇴 Italians · Colombia
875
-16
OGSassy
0:27 Loom
13:20 Feudal Age
17:56 Castle Age
16:56 Double-Bit Axe
18:13 Gold Mining
18:16 Stone Mining
25:34 Horse Collar
31:35 Imperial Age
30:09 Wheelbarrow
30:46 Murder Holes
31:51 Town Watch
33:27 Pikeman
35:17 Capped Ram
36:08 Gold Mining
36:59 Masonry
36:17 Halberdier
37:08 Caravan
37:38 Coinage
37:30 Forging
37:21 Scale Mail Armor
38:05 Hand Cart
37:27 Siege Ram
39:29 Ballistics
40:14 Conscription
40:38 Comitatenses
42:34 Heavy Scorpion
46:23 Iron Casting
46:03 Chain Mail Armor
48:11 Chemistry
47:10 Elite Centurion
48:48 Bow Saw
48:41 Heavy Plow
Dr.Bloop
1:48 Loom
12:37 Feudal Age
13:54 Wheelbarrow
13:07 Double-Bit Axe
13:05 Horse Collar
18:29 Castle Age
18:49 Gold Mining
18:50 Stone Mining
19:46 Hand Cart
19:45 Bow Saw
22:06 Heavy Plow
22:59 Stone Shaft Mining
26:08 Town Watch
31:51 Imperial Age
30:28 Scale Barding Armor
30:34 Forging
31:01 Town Patrol
32:14 Chain Barding Armor
32:10 Bloodlines
32:01 Husbandry
32:02 Cavalier
35:33 Iron Casting
35:13 Paladin
36:55 Plate Barding Armor
37:11 Crop Rotation
39:34 Light Cavalry
41:22 Elite Skirmisher
41:54 Winged Hussar
44:34 Padded Archer Armor
44:25 Fletching
46:15 Chemistry
45:36 Ballistics
eduard.ft
16:39 Feudal Age
21:26 Castle Age
21:27 Double-Bit Axe
29:27 Imperial Age
29:35 Imperial Age
29:26 Silk Road
30:10 Wheelbarrow
31:23 Chemistry
31:48 Horse Collar
33:26 Gold Mining
34:11 Forging
34:31 Scale Mail Armor
36:03 Hand Cart
35:55 Heavy Plow
39:58 Iron Casting
42:09 Blast Furnace
41:25 Chain Mail Armor
41:47 Fletching
44:15 Elite Genoese Crossbowman
45:30 Bodkin Arrow
46:00 Ballistics
aebigor
1:22 Loom
12:10 Feudal Age
19:03 Castle Age
17:12 Horse Collar
19:00 Forging
18:51 Scale Mail Armor
19:57 Wheelbarrow
19:10 Double-Bit Axe
19:40 Stone Mining
21:41 Stone Shaft Mining
22:23 Arson
22:24 Gambesons
23:08 Chain Mail Armor
25:04 Fletching
25:15 Padded Archer Armor
25:53 Iron Casting
27:19 Hand Cart
33:45 Imperial Age
33:02 Bloodlines
32:52 Husbandry
33:15 Scale Barding Armor
33:55 Chain Barding Armor
34:12 Elite Konnik
34:40 Pikeman
35:21 Squires
35:30 Gold Mining
37:00 Heavy Plow
37:41 Gold Shaft Mining
39:53 Bagains
47:53 Onager
Connection lost

Rejoining the realm…

Still unreachable

The connection could not be restored.

Session expired

The server has moved on; the page needs a fresh start.